AoeStats
← HHADEZZ

Arena

509767400Analyzed
1v1 RM · 5d ago on Sep 27, 2026· 42m 54s· 2 players
Game mode
Random Map
Map size
Tiny (2 player)
Population
200
Speed
Normal
Resources
Standard
Victory
Conquest
Starting age
Dark Age
Ending age
Imperial Age
RankedLock teamsTeams togetherTeam positionsShared explorationLock speedFull tech treeHidden civsTurbo modeCheats
Victory
Defeat
🇲🇽 Britons · Mexico
981
+15
🇲🇽 Maya · Mexico
958
-44
HHADEZZ
14:50 Feudal Age
15:46 Horse Collar
18:07 Wheelbarrow
17:19 Town Watch
21:05 Arson
22:00 Forging
22:16 Scale Mail Armor
23:00 Stone Mining
23:01 Gold Mining
23:52 Loom
27:39 Castle Age
26:22 Man-at-Arms
26:54 Double-Bit Axe
29:03 Iron Casting
28:44 Chain Mail Armor
28:52 Hand Cart
28:21 Eagle Warrior
30:37 Guard Tower
30:53 Murder Holes
39:44 Town Patrol
39:12 Crossbowman
39:13 Elite Skirmisher
41:20 Thumb Ring
41:20 Padded Archer Armor
41:11 Fletching
41:37 Masonry
41:38 Fortified Wall
41:41 Careening
41:24 Heated Shot
El Danto
10:57 Feudal Age
12:52 Double-Bit Axe
15:51 Castle Age
13:34 Horse Collar
19:53 Bow Saw
19:46 Heavy Plow
21:19 Wheelbarrow
20:30 Loom
22:39 Hand Cart
22:28 Town Watch
24:33 Fletching
24:43 Padded Archer Armor
28:12 Town Patrol
28:11 Bodkin Arrow
28:31 Leather Archer Armor
30:39 Yeomen
32:42 Man-at-Arms
33:07 Gambesons
33:23 Squires
33:09 Arson
33:53 Forging
33:43 Scale Mail Armor
33:59 Leather Archer Armor
33:24 Long Swordsman
37:33 Imperial Age
35:23 Crossbowman
38:40 Iron Casting
38:20 Chain Mail Armor
39:13 Stone Mining
39:13 Gold Mining
39:27 Two-Handed Swordsman
41:15 Conscription
41:32 Hoardings
40:28 Sappers
42:55 Two-Man Saw
42:13 Bracer
42:43 Ring Archer Armor
43:06 Ballistics
43:47 Chemistry
42:16 Champion
Connection lost

Rejoining the realm…

Still unreachable

The connection could not be restored.

Session expired

The server has moved on; the page needs a fresh start.